[Event "Titled Tuesday Blitz May 25 2021"]
[White "Ibadov, Dashgyn"]
[Black "Demidov, Mikhail"]
[WhiteFideId "24107514"]
[BlackFideId "4197143"]
[WhiteElo "2191"]
[BlackElo "2583"]
[Result "1-0"]
[Round "04"]
[TimeControl "180+1"]
[Date "2021.05.25"]
[WhiteClock "0:00:10"]
[BlackClock "0:00:07"]

1. e4 c6 2. d4 d5 3. e5 Bf5 4. Nf3 e6 5. Be2 c5 6. Be3 Qb6 7. Nc3 Nc6 8. O-O c4 9. Rb1 Bb4 10. Nh4 Nge7 11. g4 Bg6 12. f4 h5 13. f5 Bh7 14. fxe6 fxe6 15. gxh5 O-O-O 16. a3 Bxc3 17. bxc3 Qa5 18. Qd2 Nf5 19. Bg5 Rdf8 20. Bg4 Qc7 21. Nxf5 Bxf5 22. Bxf5 exf5 23. Qe2 Qf7 24. e6 Qxh5 25. Qxh5 Rxh5 26. h4 g6 27. Rb5 Re8 28. e7 Nxe7 29. Re1 Rh7 30. Re5 b6 31. Rb1 Kd7 32. Rbe1 Rf7 33. Kg2 f4 34. Kf3 Kd6 35. Re6+ Kd7 36. R6e5 Kd6 37. a4 Kd7 38. Re6 Rh7 39. Kxf4 Rf8+ 40. Kg4 Nc6 41. Rxg6 Rf2 42. Ree6 Na5 43. Rd6+ Kc7 44. Rxd5 Rxc2 45. Bf4+ Kb7 46. h5 Rxc3 47. h6 Rc2 48. Rg7+ Rxg7+ 49. hxg7 Rg2+ 50. Bg3 c3 51. g8=Q c2 52. Rd7+ Ka6 53. Qc8+ Nb7 54. Qxb7+ Ka5 55. Rd5+ Kb4 56. Qc6 Ka3 57. Qc3+ Ka2 58. Rb5 Rxg3+ 59. Kxg3 c1=Q 60. Qxc1 a5 61. Qb2# 1-0


[Site "https://www.chess.com"]

[Event "Titled Tuesday Blitz May 25 2021"]
[White "Indjic, Aleksandar"]
[Black "Urazayev, Arystanbek"]
[WhiteFideId "911925"]
[BlackFideId "13709810"]
[WhiteElo "2643"]
[BlackElo "2321"]
[Result "1-0"]
[Round "04"]
[TimeControl "180+1"]
[Date "2021.05.25"]
[WhiteClock "0:00:17"]
[BlackClock "0:00:09"]

1. d4 d5 2. c4 e6 3. Nf3 Nf6 4. Nc3 Be7 5. Bg5 O-O 6. e3 h6 7. Bxf6 Bxf6 8. Rc1 c6 9. h4 Nd7 10. g4 g6 11. g5 hxg5 12. hxg5 Bg7 13. cxd5 exd5 14. Kd2 Nb6 15. Bd3 Nc4+ 16. Bxc4 dxc4 17. Qg1 Bf5 18. Rh4 Qb6 19. e4 Bxd4 20. Nxd4 Qxd4+ 21. Ke2 Rfe8 22. Rd1 Qg7 23. Qh2 Be6 24. Rh1 Kf8 25. Qd6+ Kg8 26. Qf4 Bf5 27. Qh2 Kf8 28. Rh8+ Ke7 29. Rxe8+ Rxe8 30. exf5 Kd7+ 31. Kf3 gxf5 32. Rd1+ Kc8 33. Qd6 Qh8 34. Kg2 Rg8 35. Qd7+ Kb8 36. Qxf5 Qh5 37. f4 Qh8 38. Re1 Re8 39. Rxe8+ Qxe8 40. Qe5+ Qxe5 41. fxe5 Kc7 42. e6 Kd6 43. exf7 Ke7 44. g6 b5 45. Kf3 1-0


[Site "https://www.chess.com"]

[Event "Titled Tuesday Blitz May 25 2021"]
[White "Ingebretsen, Jens E"]
[Black "Yang, Kaiqi"]
[WhiteFideId "1522965"]
[BlackFideId "8604398"]
[WhiteElo "2072"]
[BlackElo "2373"]
[Result "1-0"]
[Round "04"]
[TimeControl "180+1"]
[Date "2021.05.25"]
[WhiteClock "0:00:51"]
[BlackClock "0:00:02"]

1. c4 c6 2. e4 d5 3. exd5 cxd5 4. d4 Nf6 5. Nc3 Nc6 6. Nf3 e6 7. Bg5 Be7 8. Bd3 dxc4 9. Bxc4 O-O 10. O-O b6 11. Re1 Bb7 12. Rc1 Rc8 13. Bd3 Nb4 14. Bb1 h6 15. Bh4 Nbd5 16. Qd3 Nf4 17. Qc2 g6 18. Bg3 Bxf3 19. Bxf4 Bg4 20. Bxh6 Re8 21. Qd3 Bf8 22. Bg5 Be7 23. Qg3 Bf5 24. Bxf5 exf5 25. Rcd1 Nh5 26. Qh4 Bxg5 27. Rxe8+ Qxe8 28. Qxg5 Kg7 29. d5 Qe5 30. d6 Nf6 31. Qd2 Rd8 32. Qd4 Qxd4 33. Rxd4 Rd7 34. Nb5 Ne8 35. Nxa7 Rxd6 36. Rxd6 Nxd6 37. Nc6 Nc4 38. b3 Na3 39. Nb4 b5 40. Kf1 Kf6 41. Ke2 Ke5 42. Kd3 g5 43. Nc6+ Kd6 44. Nd4 Ke5 45. Nf3+ Kf4 46. Kc3 g4 47. Nd2 Ke5 48. Kb4 Nc2+ 49. Kxb5 f4 50. a4 Ne1 51. a5 Nxg2 52. a6 g3 53. hxg3 fxg3 54. fxg3 Ne3 55. a7 Nd5 56. Kc6 Nb4+ 57. Kb7 1-0


[Site "https://www.chess.com"]

[Event "Titled Tuesday Blitz May 25 2021"]
[White "Iskusnyh, Sergei"]
[Black "Fisabilillah, Ummi"]
[WhiteFideId "4120027"]
[BlackFideId "7104804"]
[WhiteElo "2492"]
[BlackElo "2091"]
[Result "1-0"]
[Round "04"]
[TimeControl "180+1"]
[Date "2021.05.25"]
[WhiteClock "0:00:18"]
[BlackClock "0:00:12"]

1. d4 Nf6 2. c4 c6 3. Nf3 d5 4. e3 a6 5. Bd3 Bg4 6. Nbd2 e6 7. Qc2 Nbd7 8. b3 Bd6 9. Bb2 Rc8 10. c5 Bb8 11. b4 Qe7 12. Ne5 Nxe5 13. dxe5 Nd7 14. f4 Bh5 15. O-O Bg6 16. e4 dxe4 17. Nxe4 O-O 18. Rad1 Rfd8 19. Nd6 Bxd6 20. exd6 Qh4 21. Qc3 Nf6 22. Be2 Rd7 23. Rf3 Rcd8 24. Rdf1 Qh5 25. f5 exf5 26. Rxf5 Qxe2 27. Rxf6 Qd3 28. R6f3 Qxc3 29. Bxc3 f6 30. Re1 Bf7 31. Rfe3 Kf8 32. Re7 Bd5 33. g4 Bf7 34. Kf2 Bd5 35. Kg3 Bf7 36. h4 Be8 37. g5 fxg5 38. Bxg7+ Kg8 39. hxg5 Rxe7 40. Rxe7 Bd7 41. Bf6 Bc8 42. Rg7+ Kf8 43. Rxh7 Rd7 44. Rh8+ Kf7 45. Rxc8 Ke6 46. Kf4 Kd5 47. Rc7 1-0


[Site "https://www.chess.com"]

[Event "Titled Tuesday Blitz May 25 2021"]
[White "Jaracz, Pawel"]
[Black "Onyshchuk, Volodymyr"]
[WhiteFideId "1102222"]
[BlackFideId "14114038"]
[WhiteElo "2495"]
[BlackElo "2605"]
[Result "1-0"]
[Round "04"]
[TimeControl "180+1"]
[Date "2021.05.25"]
[WhiteClock "0:00:15"]
[BlackClock "0:00:05"]

1. e4 d6 2. d4 Nf6 3. Nc3 g6 4. Be3 c6 5. Qd2 Qa5 6. f3 Nbd7 7. Nh3 Bg7 8. Nf2 h6 9. O-O-O b5 10. Kb1 b4 11. Ne2 Rb8 12. Nc1 Qc7 13. f4 a5 14. g4 Nb6 15. f5 Na4 16. Nb3 h5 17. g5 Nxe4 18. Nxe4 Bxf5 19. Bd3 O-O 20. Rhf1 Bxe4 21. Bxe4 c5 22. dxc5 dxc5 23. Bf4 e5 24. Be3 c4 25. Qd6 Qc8 26. Nxa5 Qg4 27. Bf3 Qh3 28. Nc6 e4 29. Be2 Bxb2 30. Ne7+ Kh8 31. Bd4+ Bxd4 32. Qxd4+ Kh7 33. Nd5 Nc3+ 34. Nxc3 bxc3+ 35. Ka1 Qxh2 36. Rf2 Qg3 37. Rdf1 Rb7 38. Qxe4 Qb8 39. Bxh5 Kg8 40. Bxg6 Re7 41. Bh7+ Kg7 42. Qd4+ Re5 43. Rb1 Qc7 44. Qxc3 Re8 45. Be4 Kf8 46. Rbf1 R8e7 47. g6 f6 48. Rxf6+ Ke8 49. Rf8+ Kd7 50. Qd4+ Ke6 51. R1f6# 1-0


[Site "https://www.chess.com"]

[Event "Titled Tuesday Blitz May 25 2021"]
[White "Jobava, Baadur"]
[Black "Maly, Alexey"]
[WhiteFideId "13601520"]
[BlackFideId "14103184"]
[WhiteElo "2748"]
[BlackElo "2314"]
[Result "1/2-1/2"]
[Round "04"]
[TimeControl "180+1"]
[Date "2021.05.25"]
[WhiteClock "0:00:10"]
[BlackClock "0:01:47"]

1. e4 c6 2. d4 d5 3. Nd2 dxe4 4. Nxe4 Bf5 5. Ng3 Bg6 6. h4 h6 7. Nf3 Nd7 8. h5 Bh7 9. Bd3 Bxd3 10. Qxd3 e6 11. Bd2 Ngf6 12. O-O-O Be7 13. Qe2 O-O 14. Kb1 Qb6 15. Ne5 Rad8 16. Rhe1 c5 17. dxc5 Bxc5 18. Nd3 Be7 19. Be3 Qc7 20. Bf4 Qb6 21. Nf5 Ba3 22. Be3 Qb5 23. Nd4 Qc4 24. bxa3 Nd5 25. Qf3 Nc3+ 26. Kb2 Na4+ 27. Kb1 Nc3+ 28. Kb2 Na4+ 29. Kb1 Nc3+ 1/2-1/2


[Site "https://www.chess.com"]

[Event "Titled Tuesday Blitz May 25 2021"]
[White "Jones, Gawain C B"]
[Black "Rustemov, Alexander"]
[WhiteFideId "409561"]
[BlackFideId "4119002"]
[WhiteElo "2657"]
[BlackElo "2715"]
[Result "1-0"]
[Round "04"]
[TimeControl "180+1"]
[Date "2021.05.25"]
[WhiteClock "0:00:21"]
[BlackClock "0:00:07"]

1. e4 e6 2. d4 d5 3. Nd2 c5 4. Ngf3 Nf6 5. e5 Nfd7 6. c3 b6 7. h4 Be7 8. h5 Ba6 9. Bxa6 Nxa6 10. Qe2 Nab8 11. h6 g6 12. Nf1 Nc6 13. Ne3 Rc8 14. a3 cxd4 15. cxd4 Na5 16. Qd3 O-O 17. b3 b5 18. Bd2 Qb6 19. Bb4 Bxb4+ 20. axb4 Nc6 21. Qd2 f6 22. Ng4 fxe5 23. dxe5 Rxf3 24. gxf3 Nd4 25. Qd3 Nc2+ 26. Ke2 Nxa1 27. Rxa1 Qc7 28. Qe3 Nb6 29. Kf1 Rd8 30. Qc5 Rc8 31. Qxb5 d4 32. Qd3 Kf7 33. Qxd4 Rd8 34. Qf4+ Kg8 35. Qf6 Nd5 36. Qxe6+ Kh8 37. Kg1 Nf4 38. Qf6+ Kg8 39. Qxf4 Rf8 40. Qc4+ 1-0


[Site "https://www.chess.com"]

[Event "Titled Tuesday Blitz May 25 2021"]
[White "Kamsky, Gata"]
[Black "Kretov, Evgenij"]
[WhiteFideId "2000024"]
[BlackFideId "4167821"]
[WhiteElo "2644"]
[BlackElo "2381"]
[Result "0-1"]
[Round "04"]
[TimeControl "180+1"]
[Date "2021.05.25"]
[WhiteClock "0:00:39"]
[BlackClock "0:00:29"]

1. d4 Nf6 2. Bf4 d5 3. e3 e6 4. Nd2 Be7 5. Ngf3 O-O 6. Bd3 Nbd7 7. h4 c5 8. c3 b6 9. Ne5 Bb7 10. Qf3 Nxe5 11. dxe5 Nd7 12. Qg3 f5 13. Nf3 a5 14. Ng5 Bxg5 15. hxg5 g6 16. Qh4 Rf7 17. g4 Nf8 18. Rh3 Ba6 19. Bc2 b5 20. f3 b4 21. Kf2 bxc3 22. bxc3 Rb8 23. Kg1 Rb2 24. Rh2 d4 25. gxf5 d3 26. Bb3 Rxh2 27. Qxh2 c4 28. Ba4 exf5 29. Rb1 Rb7 30. Rxb7 Bxb7 31. e4 fxe4 32. fxe4 Bxe4 33. Bd2 Qb6+ 34. Qf2 Qb1+ 35. Kh2 Qh1+ 36. Kg3 Bf5 37. Bb5 Qh3+ 0-1


[Site "https://www.chess.com"]

[Event "Titled Tuesday Blitz May 25 2021"]
[White "Kapitanchuk, Tomas"]
[Black "Morefield, Jason"]
[WhiteFideId "135046"]
[BlackFideId "30920825"]
[WhiteElo "1955"]
[BlackElo "2171"]
[Result "1-0"]
[Round "04"]
[TimeControl "180+1"]
[Date "2021.05.25"]
[WhiteClock "0:00:12"]
[BlackClock "0:00:06"]

1. e4 c5 2. Nf3 d6 3. Bb5+ Bd7 4. Bxd7+ Nxd7 5. O-O Ngf6 6. Qe2 e6 7. Rd1 Be7 8. d4 cxd4 9. Nxd4 a6 10. c4 O-O 11. Nc3 Qa5 12. Bd2 Qe5 13. f4 Qh5 14. Qxh5 Nxh5 15. Rac1 Nc5 16. Be3 Rac8 17. b4 Nd7 18. Nce2 Nhf6 19. Ng3 Rfd8 20. h3 Bf8 21. Nf3 Rc6 22. e5 dxe5 23. fxe5 Ne8 24. c5 Rcc8 25. Ne4 Nc7 26. Nd6 Bxd6 27. exd6 Nd5 28. Rxd5 exd5 29. a4 f6 30. Bd4 Kf7 31. b5 axb5 32. axb5 Ke6 33. Re1+ Ne5 34. Nxe5 fxe5 35. Rxe5+ Kf7 36. Re7+ Kg6 37. Rxg7+ Kf5 38. Rxb7 Ke4 39. d7 Ra8 40. Bf6 Rf8 41. d8=Q Rfxd8 42. Bxd8 Rxd8 43. c6 d4 44. Kf2 Kd3 45. Rd7 Rc8 46. Ke1 Kc4 47. b6 Rxc6 48. Rc7 Kb5 49. b7 Rb6 50. Rxh7 Kc4 51. Kd2 Rb2+ 52. Kc1 Rb6 53. h4 d3 54. Kd2 Rb2+ 55. Ke3 d2 56. Rd7 Rxb7 57. Rxd2 Rg7 58. Kf3 Kc3 59. Rd8 Rf7+ 60. Kg3 Rg7+ 61. Kh3 Kc4 62. g4 Kc5 63. h5 Kc6 64. Kh4 Kc7 65. Rd1 Rf7 1-0


[Site "https://www.chess.com"]

[Event "Titled Tuesday Blitz May 25 2021"]
[White "Karttunen, Mika"]
[Black "Wagh Suyog"]
[WhiteFideId "502081"]
[BlackFideId "25071688"]
[WhiteElo "2343"]
[BlackElo "2219"]
[Result "0-1"]
[Round "04"]
[TimeControl "180+1"]
[Date "2021.05.25"]
[WhiteClock "0:00:10"]
[BlackClock "0:00:14"]

1. e4 c5 2. Nf3 d6 3. d4 cxd4 4. Nxd4 Nf6 5. Nc3 Nc6 6. Bc4 e6 7. Be3 Be7 8. Qe2 a6 9. O-O-O Bd7 10. Bb3 Qc7 11. g4 O-O-O 12. g5 Ne8 13. f4 Nxd4 14. Bxd4 Bc6 15. h4 Kb8 16. Qe3 Rc8 17. Bb6 Qd7 18. Rhf1 Nc7 19. f5 Rhf8 20. f6 gxf6 21. gxf6 Bd8 22. Bc5 Ne8 23. e5 Bc7 24. Rg1 Rd8 25. h5 Qc8 26. Bb4 Rh8 27. h6 dxe5 28. Be7 Rxd1+ 29. Rxd1 Rg8 30. Ne4 Bxe4 31. Qxe4 Rg6 32. Qf3 Rxh6 33. Ba4 e4 34. Qf2 Rh2 35. Qg1 h5 36. Bd7 Bf4+ 37. Rd2 Rxd2 38. Bxc8 Rg2+ 39. Kd1 Rxg1+ 40. Ke2 Kxc8 41. Kf2 e3+ 0-1


[Site "https://www.chess.com"]

[Event "Titled Tuesday Blitz May 25 2021"]
[White "Kazakouski, Valery"]
[Black "Van Foreest, Jorden"]
[WhiteFideId "13507443"]
[BlackFideId "1039784"]
[WhiteElo "2546"]
[BlackElo "2622"]
[Result "1-0"]
[Round "04"]
[TimeControl "180+1"]
[Date "2021.05.25"]
[WhiteClock "0:00:24"]
[BlackClock "0:00:03"]

1. d4 f5 2. Bg5 g6 3. e3 Bg7 4. Nd2 d6 5. Bc4 Nf6 6. h4 h6 7. Bxf6 Bxf6 8. c3 e6 9. h5 g5 10. g4 Nc6 11. Qb3 Qe7 12. Be2 Bd7 13. Qxb7 Rb8 14. Qa6 Rxb2 15. Nb3 e5 16. O-O-O exd4 17. exd4 Rxb3 18. axb3 fxg4 19. Bc4 Qe4 20. Ne2 Kd8 21. Ng3 Qf4+ 22. Kb1 Qxf2 23. Ne4 Qf4 24. Bd3 Be7 25. Rhf1 Qe3 26. Rde1 Qh3 27. Bb5 Nb8 28. Qb7 Nc6 29. Bxc6 Qd3+ 30. Kb2 Bc8 31. Qa8 g3 32. Bb7 Kd7 33. Bxc8+ Rxc8 34. Qd5 Kd8 35. Qg8+ Kd7 36. Qg6 Kc6 37. Rg1 Rf8 38. Rxg3 Rf3 39. Rxf3 Qxf3 40. Qe8+ Kb7 41. Qxe7 g4 42. Nxd6+ 1-0


[Site "https://www.chess.com"]

[Event "Titled Tuesday Blitz May 25 2021"]
[White "Khanin, Semen"]
[Black "Sumaneev, Dmitry"]
[WhiteFideId "4111990"]
[BlackFideId "4125312"]
[WhiteElo "2521"]
[BlackElo "2523"]
[Result "1-0"]
[Round "04"]
[TimeControl "180+1"]
[Date "2021.05.25"]
[WhiteClock "0:00:04"]
[BlackClock "0:00:02"]

1. c4 Nf6 2. Nc3 c5 3. Nf3 b6 4. d4 cxd4 5. Nxd4 Bb7 6. b3 g6 7. Bb2 Bg7 8. e3 O-O 9. Qc2 Nc6 10. O-O-O Nxd4 11. exd4 d5 12. h4 Qd7 13. f3 Rac8 14. Kb1 a6 15. Na4 Qc7 16. c5 bxc5 17. Nxc5 Nd7 18. Rc1 Nxc5 19. dxc5 Bxb2 20. Qxb2 Qf4 21. h5 d4 22. hxg6 hxg6 23. Bd3 e5 24. g3 Qe3 25. Bc4 Bxf3 26. Qh2 Bxh1 27. Rxh1 Kg7 28. Qh7+ Kf6 29. Rf1+ Ke7 30. Rxf7+ Rxf7 31. Qxf7+ Kd8 32. Qf8+ Kd7 33. Qd6+ Ke8 34. Qxg6+ Kd7 35. Qe6+ Kd8 36. Qf6+ Kd7 37. Be6+ Kc7 38. Qe7+ Kb8 39. Qd6+ Rc7 40. Qd8+ Kb7 41. Bd5+ Rc6 42. Qb6+ Kc8 43. Qxc6+ Kd8 44. Qd6+ Ke8 45. Bc6+ Kf7 46. Bd5+ Ke8 47. Qe6+ Kd8 48. Qf6+ Kc8 49. Qe6+ Kd8 50. Qg8+ Ke7 51. Qf7+ Kd8 52. Qf8+ Kd7 53. c6+ Kc7 54. Qe7+ Kb6 55. Qb4+ Kc7 56. Qb7+ Kd6 57. Qd7+ Kc5 58. b4+ Kxb4 59. Qb7+ Kc5 60. Qb3 Qe1+ 61. Kb2 Qf2+ 62. Qc2+ Qxc2+ 63. Kxc2 1-0


[Site "https://www.chess.com"]

[Event "Titled Tuesday Blitz May 25 2021"]
[White "Khusnutdinov, Rustam"]
[Black "Taboas Rodriguez, Daniel"]
[WhiteFideId "13701703"]
[BlackFideId "2208466"]
[WhiteElo "2571"]
[BlackElo "2429"]
[Result "1-0"]
[Round "04"]
[TimeControl "180+1"]
[Date "2021.05.25"]
[WhiteClock "0:01:22"]
[BlackClock "0:00:20"]

1. d4 Nf6 2. c4 g6 3. Nc3 Bg7 4. e4 d6 5. Nge2 O-O 6. Ng3 c5 7. d5 e6 8. Be2 exd5 9. cxd5 a6 10. a4 Nbd7 11. O-O Rb8 12. Bg5 h6 13. Bf4 Ne5 14. Qd2 h5 15. Bg5 Qa5 16. f4 Ned7 17. e5 dxe5 18. fxe5 Ng4 19. e6 fxe6 20. Bxg4 hxg4 21. dxe6 Ne5 22. Qd5 Rxf1+ 23. Rxf1 Kh7 24. Bf4 Qc7 25. Nge4 c4 26. Ng5+ Kh8 27. Bxe5 Qxe5 28. Nf7+ 1-0


[Site "https://www.chess.com"]

[Event "Titled Tuesday Blitz May 25 2021"]
[White "Koellner, Ruben Gideon"]
[Black "Samadov, Read"]
[WhiteFideId "12993093"]
[BlackFideId "13417444"]
[WhiteElo "2499"]
[BlackElo "2084"]
[Result "0-1"]
[Round "04"]
[TimeControl "180+1"]
[Date "2021.05.25"]
[WhiteClock "0:00:11"]
[BlackClock "0:00:47"]

1. d4 Nf6 2. Bg5 d5 3. e3 e6 4. Nd2 h6 5. Bh4 Be7 6. Bd3 b6 7. c3 O-O 8. f4 Ba6 9. Bc2 Nbd7 10. Bxf6 Nxf6 11. Qf3 c5 12. g4 Ne8 13. O-O-O c4 14. Qg3 b5 15. Ngf3 b4 16. Nb1 Rb8 17. Rdg1 bxc3 18. bxc3 Qa5 19. g5 Rxb1+ 20. Bxb1 Qxc3+ 21. Kd1 Qb2 22. Qg2 Qxb1+ 23. Ke2 Qc2+ 24. Ke1 Bb4+ 25. Kf1 c3+ 26. Ke1 Qxg2 27. Rxg2 c2+ 28. Kf2 Ba3 29. gxh6 c1=Q 30. Rxc1 Bxc1 31. hxg7 Nxg7 32. h4 Rb8 33. h5 Rb2+ 34. Kg3 Nxh5+ 0-1


[Site "https://www.chess.com"]

[Event "Titled Tuesday Blitz May 25 2021"]
[White "Kollars, Dmitrij"]
[Black "Leitao, Rafael"]
[WhiteFideId "12909572"]
[BlackFideId "2101246"]
[WhiteElo "2576"]
[BlackElo "2609"]
[Result "1/2-1/2"]
[Round "04"]
[TimeControl "180+1"]
[Date "2021.05.25"]
[WhiteClock "0:00:07"]
[BlackClock "0:00:12"]

1. Nf3 Nf6 2. d4 g6 3. c4 Bg7 4. Nc3 d6 5. e4 O-O 6. Be2 e5 7. O-O exd4 8. Nxd4 Re8 9. f3 c6 10. Kh1 d5 11. cxd5 cxd5 12. Bg5 Nc6 13. Nb3 dxe4 14. Qxd8 Nxd8 15. fxe4 Nxe4 16. Bb5 Nc6 17. Rae1 Bf5 18. Nxe4 Rxe4 19. Rxe4 Bxe4 20. Nc5 Bd5 21. b3 Nd4 22. Bd3 Re8 23. Nd7 f5 24. Nf6+ Bxf6 25. Bxf6 Nc6 26. Kg1 Ne5 27. Bb5 Bc6 28. Be2 Kf7 29. Bg5 Be4 30. Rc1 Nc6 31. b4 Bd5 32. Bf1 a6 33. a4 Nxb4 34. Rc7+ Ke6 35. Rxh7 Kd6 36. Rg7 Re1 37. Kf2 Rb1 38. Rxg6+ Ke5 39. h4 f4 40. h5 Rb2+ 41. Kg1 Rb1 42. Rf6 Bc4 43. Rxf4 Bxf1 44. Rxf1 Rxf1+ 45. Kxf1 Kf5 46. Bd2 Nc6 47. a5 Ne5 48. Ke2 Nd7 49. Kd3 b6 50. g4+ Kxg4 51. h6 bxa5 52. h7 Ne5+ 53. Ke4 Nf7 54. Bxa5 Kh5 55. Kd5 Kg6 56. Kc6 Kxh7 57. Kb6 Kg6 58. Kxa6 1/2-1/2


[Site "https://www.chess.com"]

[Event "Titled Tuesday Blitz May 25 2021"]
[White "Kosteniuk, Alexandra"]
[Black "Pridorozhni, Aleksei"]
[WhiteFideId "4128125"]
[BlackFideId "4127870"]
[WhiteElo "2521"]
[BlackElo "2565"]
[Result "0-1"]
[Round "04"]
[TimeControl "180+1"]
[Date "2021.05.25"]
[WhiteClock "0:00:50"]
[BlackClock "0:01:21"]

1. e4 c5 2. c3 e6 3. d4 d5 4. exd5 exd5 5. Nf3 Nc6 6. Bb5 Bd6 7. O-O Ne7 8. dxc5 Bxc5 9. Nbd2 O-O 10. Nb3 Bb6 11. Re1 Bg4 12. Be3 Bh5 13. Bxb6 Qxb6 14. Be2 a5 15. Qd2 Rad8 16. Nbd4 Bxf3 17. Nxc6 bxc6 18. Bxf3 Nf5 19. Re5 Nd6 20. b3 a4 21. Qc2 axb3 22. axb3 Rb8 23. Rb1 Nc4 24. Ree1 Na3 25. Qd3 Nxb1 26. Rxb1 Rfe8 27. g3 g6 28. b4 Ra8 29. b5 Ra2 30. Qd4 Qxd4 31. cxd4 Rb8 32. Rc1 Rxb5 33. Rxc6 Rd2 0-1


[Site "https://www.chess.com"]

[Event "Titled Tuesday Blitz May 25 2021"]
[White "Kovalev, Vladislav"]
[Black "Srihari L R"]
[WhiteFideId "13504398"]
[BlackFideId "46617116"]
[WhiteElo "2573"]
[BlackElo "2121"]
[Result "1-0"]
[Round "04"]
[TimeControl "180+1"]
[Date "2021.05.25"]
[WhiteClock "0:00:07"]
[BlackClock "0:00:02"]

1. e4 c6 2. Nf3 d5 3. Nc3 dxe4 4. Nxe4 Nf6 5. Qe2 Nxe4 6. Qxe4 Qd5 7. Qh4 Bf5 8. Bc4 Qd6 9. O-O Nd7 10. d3 Qg6 11. Qf4 Be6 12. Bxe6 Qxe6 13. Qc7 Nc5 14. Re1 Qd7 15. Qg3 Ne6 16. b3 g6 17. Bb2 Bg7 18. Bxg7 Nxg7 19. Qe5 Kf8 20. Re4 Re8 21. Rae1 f6 22. Qf4 Nf5 23. g4 Nd6 24. Re6 Kg7 25. h4 Nf7 26. h5 gxh5 27. gxh5 Rhg8 28. Kf1 Kh8 29. R1e3 Ng5 30. Nxg5 Rxg5 31. h6 Rg6 32. Ke1 1-0


[Site "https://www.chess.com"]

[Event "Titled Tuesday Blitz May 25 2021"]
[White "Lazavik, Denis"]
[Black "Denishev, Marat"]
[WhiteFideId "13515110"]
[BlackFideId "24131563"]
[WhiteElo "2436"]
[BlackElo "2204"]
[Result "1-0"]
[Round "04"]
[TimeControl "180+1"]
[Date "2021.05.25"]
[WhiteClock "0:01:30"]
[BlackClock "0:00:04"]

1. d4 Nf6 2. c4 c5 3. d5 b5 4. Nf3 bxc4 5. Nc3 d6 6. e4 Nbd7 7. Bxc4 g6 8. O-O Bg7 9. h3 O-O 10. Re1 Ne8 11. Bf4 Nc7 12. Qd2 Ba6 13. Bxa6 Nxa6 14. e5 dxe5 15. Nxe5 Nxe5 16. Bxe5 Bxe5 17. Rxe5 Nb4 18. Qe2 Qd6 19. Re1 Rfe8 20. a3 Na6 21. Rxe7 Rxe7 22. Qxe7 Qb6 23. d6 c4 24. d7 Kg7 25. Nd5 Qc6 26. d8=Q 1-0


[Site "https://www.chess.com"]

[Event "Titled Tuesday Blitz May 25 2021"]
[White "Madaminov, Mukhiddin"]
[Black "Sawlin, Leonid"]
[WhiteFideId "14210703"]
[BlackFideId "4689542"]
[WhiteElo "1747"]
[BlackElo "2412"]
[Result "1-0"]
[Round "04"]
[TimeControl "180+1"]
[Date "2021.05.25"]
[WhiteClock "0:01:00"]
[BlackClock "0:00:14"]

1. e4 e6 2. d4 d5 3. Nd2 Nf6 4. e5 Nfd7 5. Bd3 c5 6. c3 Nc6 7. Ne2 cxd4 8. cxd4 f6 9. exf6 Nxf6 10. O-O Bd6 11. Nf3 O-O 12. Bf4 Bxf4 13. Nxf4 Ne4 14. Ne2 Nd6 15. Ng3 Qf6 16. Re1 g6 17. Bf1 Bd7 18. Rc1 Rae8 19. Qd2 Qg7 20. Ne5 Nf5 21. Nxf5 Rxf5 22. Nxc6 Bxc6 23. Rc3 Ref8 24. f3 Rf4 25. Rxe6 Qxd4+ 26. Qxd4 Rxd4 27. Rd3 Rxd3 28. Bxd3 Kf7 29. Re5 Kf6 30. f4 Rd8 31. Kf2 d4 32. g4 Rd7 33. h4 Bd5 34. a3 Bf7 35. Ke2 Rc7 36. Kd2 Be6 37. g5+ Kf7 38. Re4 Rd7 39. Be2 Bf5 40. Bc4+ Kg7 41. Re8 Rc7 42. Rg8# 1-0


[Site "https://www.chess.com"]

[Event "Titled Tuesday Blitz May 25 2021"]
[White "Maiorov, Nikita"]
[Black "Pastar, Slaven"]
[WhiteFideId "13501720"]
[BlackFideId "14402718"]
[WhiteElo "2440"]
[BlackElo "2227"]
[Result "1-0"]
[Round "04"]
[TimeControl "180+1"]
[Date "2021.05.25"]
[WhiteClock "0:01:19"]
[BlackClock "0:00:02"]

1. d4 g6 2. e4 d6 3. Nf3 b6 4. c3 Bb7 5. Bb5+ Nd7 6. Nbd2 Bg7 7. O-O Nf6 8. e5 Ne4 9. e6 fxe6 10. Nxe4 Bxe4 11. Ng5 Bf5 12. g4 h6 13. gxf5 hxg5 14. fxe6 O-O 15. Bxd7 c5 16. Bxg5 Rf5 17. Qg4 cxd4 18. cxd4 Qf8 19. Be3 Qf6 20. Kh1 Rf8 21. Rg1 Rh5 22. Rg2 Kh7 23. Rag1 Bh6 24. Qxg6+ Qxg6 25. Rxg6 Bxe3 26. Rg7+ Kh8 27. fxe3 Rf2 28. Rg8+ Kh7 29. R1g7+ Kh6 30. Rh8+ Kxg7 31. Rxh5 Rxb2 32. a4 Re2 33. Rh3 a6 34. Rf3 Kg6 35. d5 Kg5 36. Kg1 Kg4 37. Rg3+ Kf5 38. Bc6 Ke4 39. h4 b5 40. axb5 axb5 41. Bxb5 Re1+ 42. Kf2 Rh1 43. Bc6 Rxh4 44. Rg7 Rh2+ 45. Kg3 Re2 46. Rxe7 Rxe3+ 47. Kg4 Re1 48. Kg5 Ke5 49. Kg6 Rg1+ 50. Kf7 Kf5 51. Ke8 Rg8+ 52. Kd7 Kf6 53. Rf7+ Ke5 54. e7 Rg7 1-0


[Site "https://www.chess.com"]

[Event "Titled Tuesday Blitz May 25 2021"]
[White "Maksimovic, Bojan"]
[Black "Jary, Sergey"]
[WhiteFideId "14408120"]
[BlackFideId "14110350"]
[WhiteElo "2437"]
[BlackElo "2260"]
[Result "1-0"]
[Round "04"]
[TimeControl "180+1"]
[Date "2021.05.25"]
[WhiteClock "0:00:07"]
[BlackClock "0:00:26"]

1. g3 h5 2. Nf3 g6 3. d4 Bg7 4. Nc3 d5 5. Bg2 c6 6. Bg5 Nf6 7. Qd2 Bf5 8. Nh4 Ne4 9. Nxe4 Bxe4 10. f3 Bf5 11. Nxf5 gxf5 12. O-O-O Nd7 13. e4 fxe4 14. fxe4 Nf6 15. exd5 cxd5 16. h4 Qb6 17. Rhe1 e6 18. Rf1 Ng4 19. Bh3 f5 20. Bxg4 hxg4 21. Rfe1 Kf7 22. Kb1 Rac8 23. Bf4 a5 24. Be5 Bh6 25. Qd3 Qa6 26. Qxa6 bxa6 27. Bxh8 Rxh8 28. Rd3 Rb8 29. Rb3 Rb5 30. Rxb5 axb5 31. c3 Bf8 32. Kc2 Bd6 33. Rg1 Kf6 34. Kd3 f4 35. gxf4 Kf5 36. h5 Bf8 37. Ke3 a4 38. Rf1 Bg7 39. b3 a3 40. b4 Bf8 41. Kf2 Bg7 42. Kg3 Bf8 43. Rf2 Bg7 44. Re2 Bh6 45. Re5+ Kf6 46. Kxg4 Bg7 47. Re1 Bh6 48. Rb1 Bf8 49. Rb3 Be7 50. Rxa3 1-0


[Site "https://www.chess.com"]

[Event "Titled Tuesday Blitz May 25 2021"]
[White "Mikhailovsky, Vladimir"]
[Black "AldokhinIvan"]
[WhiteFideId "34105414"]
[WhiteElo "2308"]
[BlackElo "2514"]
[Result "0-1"]
[Round "04"]
[TimeControl "180+1"]
[Date "2021.05.25"]
[WhiteClock "0:00:02"]
[BlackClock "0:00:02"]

1. e4 c5 2. d4 cxd4 3. c3 d3 4. Bxd3 Nc6 5. Nf3 d6 6. O-O Nf6 7. h3 g6 8. Qe2 Bg7 9. Nbd2 O-O 10. Nc4 Be6 11. e5 dxe5 12. Ncxe5 Rc8 13. Rd1 Qa5 14. Bf4 Nd5 15. Bg3 Nxe5 16. Nxe5 Bh6 17. Qf3 Qb6 18. Be4 Nf6 19. Bxb7 Rc7 20. Be4 Rfc8 21. Nd3 Rc4 22. Bb7 Rf8 23. a4 a5 24. Be5 Bf5 25. Bd4 Qc7 26. Ne5 Rc5 27. Bxc5 Qxc5 28. Ba6 Qxe5 29. Bb5 Qc7 30. Re1 e5 31. Rad1 e4 32. Qe2 Bf4 33. Qc4 Qe7 34. Qc6 Bb8 35. Qb6 Qe5 36. g3 Nh5 37. Qxa5 Nxg3 38. Qb4 Ne2+ 39. Kf1 Bxh3+ 40. Kxe2 Qf4 0-1


[Site "https://www.chess.com"]